 Dungeon Crawl Stone Soup version 0.28.0-53-g5a82cb258f (webtiles) character file.

Game seed: 13170987385436607039

65 mcbry74 the Poker (level 4, -5/33 HPs)
             Began as a Merfolk Gladiator on June 27, 2022.
             Killed from afar by Sigmund (8 damage)
             ... with a puff of flame
             ... on level 2 of the Dungeon.
             The game lasted 00:03:28 (1545 turns).

mcbry74 the Poker (Merfolk Gladiator)               Turns: 1545, Time: 00:03:28

Health: -5/33      AC:  4    Str: 14    XL:     4   Next: 14%
Magic:  4/4        EV: 14    Int:  9    God:
Gold:   54         SH:  0    Dex: 21    Spells: 3/3 levels left

rFire   . . .      SeeInvis .   a - +0 trident
rCold   . . .      Faith    .   (no shield)
rNeg    . . .      Spirit   .   b - +0 leather armour
rPois   .          Reflect  .   c - +0 helmet
rElec   .          Harm     .   (no cloak)
rCorr   .          Rampage  .   (no gloves)
Will    .....                   (no boots)
Stlth   ++........              (no amulet)
HPRegen 0.11/turn               e - +6 ring of dexterity
MPRegen 0.09/turn               (no ring)

@: no status effects
A: (nimble swimmer 2), mertail
a: no special abilities


You were on level 2 of the Dungeon.
You visited 1 branch of the dungeon, and saw 2 of its levels.

You collected 54 gold pieces.

Inventory:

Hand Weapons
 a - a +0 trident (weapon)
Missiles
 d - 3 throwing nets (quivered)
 i - 6 boomerangs
 k - 72 stones
Armour
 b - a +0 leather armour (worn)
 c - a +0 helmet (worn)
Magical Staves
 l - a staff of poison
Jewellery
 e - a +6 ring of dexterity (left hand)
Scrolls
 g - a scroll of amnesia {unknown}
 h - a scroll of identify {unknown}
Potions
 j - a potion of curing {unknown}


   Skills:
 - Level 2.1 Fighting
 * Level 6.2 Polearms
 + Level 2.8 Throwing
 - Level 4.0 Dodging
 + Level 1.2 Stealth


You had 3 spell levels left.
You didn't know any spells.
Your spell library contained the following spells:

 Spells                   Type           Power      Damage    Failure   Level
 Sting                    Tmut/Pois      0%         1d3       45%         1
 Poisonous Vapours        Pois/Air       0%         N/A       61%         2
 Olgreb's Toxic Radiance  Pois           0%         N/A       99%         4


Dungeon Overview and Level Annotations

Branches:
Dungeon (2/15)

Altars:

Annotations:
D:2 Sigmund


Innate Abilities, Weirdness & Mutations

((You are very nimble when in or above water. (Stealth+, EV+, Speed+++)))
Your lower body shifts to a powerful aquatic tail in water.


Message History

Your endoplasm misses the adder.
Your frilled lizard barely misses the adder.
The adder misses you.
Your endoplasm freezes the adder.
The adder is frozen.
Your frilled lizard barely misses the adder.
The adder bites you but does no damage.
Sigmund hits you from afar with a +0 scythe.
The adder bites you but does no damage.
Your endoplasm misses the adder.
Your frilled lizard misses the adder.
You feel less confused. The adder bites you.
Sigmund hits you from afar with a +0 scythe.
Your endoplasm misses the adder.
Your frilled lizard completely misses the adder.
The adder bites you.
Your endoplasm freezes the adder.
The adder is frozen.
Your frilled lizard bites the adder but does no damage.
The adder closely misses you. Sigmund casts a spell at you.
The puff of flame hits you!
* * * LOW HITPOINT WARNING * * *
Your endoplasm freezes the adder.
The adder is frozen.
The adder barely misses you.
Your frilled lizard bites the adder.
The adder dies!
You have reached level 4!
Sigmund gestures at you while chanting. The magic dart hits you!
* * * LOW HITPOINT WARNING * * *
Sigmund zaps a wand.
The puff of flame hits your endoplasm!
Your endoplasm dies!
Your endoplasm dissolves into shadows!
Sigmund zaps a wand.
The puff of flame hits your frilled lizard!
Your frilled lizard dies!
Your frilled lizard's corpse dissolves into shadows!
Sigmund zaps a wand.
The puff of flame hits you!
You die...

.#................#
.#<...........###.#
.##...........# #.#
.##...........# #.#
###.........#.# #.#
###########.###.#
#.....#
#>....###+####
#...@........#
#............#
#......w.@...#
#............#
####.........#
#.........#
#.........#
#.........#
#.........#


You could see Sigmund (ally target) and a friendly worm (summoned).

Vanquished Creatures
  2 adders (D:2)
  2 dart slugs (D:1)
  3 endoplasms (D:1)
  6 goblins
  3 hobgoblins (D:1)
  2 jackals (D:2)
  5 ball pythons (D:1)
  3 bats
  A frilled lizard (D:1)
  2 kobolds (D:1)
  3 rats (D:1)
32 creatures vanquished.

Vanquished Creatures (collateral kills)
  An adder (D:2)
1 creature vanquished.

Grand Total: 33 creatures vanquished

Notes
Turn   | Place    | Note
-------+----------+-------------------------------------------
     0 | D:1      | mcbry74 the Merfolk Gladiator began the quest for the Orb.
     0 | D:1      | Reached XP level 1. HP: 16/16 MP: 1/1
   185 | D:1      | Reached XP level 2. HP: 21/22 MP: 2/2
   202 | D:1      | Reached skill level 5 in Polearms
   740 | D:1      | Reached XP level 3. HP: 27/27 MP: 3/3
  1373 | D:2      | Reached skill level 6 in Polearms
  1373 | D:2      | Reached skill level 1 in Stealth
  1507 | D:2      | Noticed Sigmund
  1542 | D:2      | Reached XP level 4. HP: 10/33 MP: 4/4
  1545 | D:2      | Killed from afar by Sigmund

Illustrated notes

Levels and vault maps discovered:
D:1:      dpeg_arrival_morbid_curiosity, layout_basic, minmay_bisected
D:2:      layout_basic, basic_altar, uniq_sigmund

Skill      XL: |  1  2  3 |
---------------+----------+-----
Polearms       | 5 6 |  6.2
Stealth        | 1 |  1.2
Fighting       | |  2.1
Throwing       | |  2.8
Dodging        | |  4.0

Action                   |  1- 3 |  4- 6 || total
-------------------------+-------+-------++-------
Melee: Trident           |    80 |       ||    80
       Punch             |     2 |       ||     2
  Use: Scroll            |     1 |       ||     1
 Stab: Sleeping          |     4 |       ||     4
Armor: Leather armour    |    18 |       ||    18
Dodge: Dodged            |    46 |       ||    46
